Map: [ESL] Inside and Out

Players

Maru

  • Race: Terran Terran
  • Spawn Location: 7:00

herO - Winner!

  • Race: Protoss Protoss
  • Spawn Location: 1:00

Event: DreamHack SC2 Masters 2022 Atlanta (Offline)

VOD

Have the link to the VOD?

Description

Time

  • Played on: Nov. 20, 2022, 2:23 p.m.
  • Length: 25:17

All games in this series

Show
View Real Time Build Order
Export as new Build Order

Maru Terran 

Build Orders:  

Get SALT Encoding   

  12  0:00  SCV  
  13  0:12  SCV  
  14  0:17  Supply Depot  
  14  0:24  SCV  
  15  0:38  SCV  
  15  0:40  Barracks  
  16  0:45  Refinery  
  16  0:52  SCV  
  16  0:54  Barracks  
  17  1:04  Refinery, SCV  
  18  1:16  SCV  
  18  1:18  Engineering Bay  
  19  1:28  SCV  
  19  1:40  SCV  
  20  1:47  Reaper  
  20  1:52  Factory, Orbital Command  
  21  2:01  Supply Depot  
  21  2:18  SCV  
  21  2:20  Reaper  
  23  2:30  SCV  
  23  2:36  Hellion  
  26  2:42  Command Center  
  26  2:46  SCV  
  27  2:54  Supply Depot  
  28  3:01  SCV  
  31  3:09  Barracks Reactor  
  31  3:10  Starport  
  28  3:13  SCV  
  28  3:15  Factory Tech Lab  
  29  3:25  SCV  
  29  3:35  Cyclone  
  29  3:37  SCV  
  32  3:46  Medivac, Marine  
  32  3:47  Marine  
  35  3:49  SCV  
  38  4:10  Siege Tank  
  38  4:12  Marine x2  
  39  4:20  SCV  
  38  4:29  Marine  
  38  4:30  Starport Tech Lab, Marine  
  37  4:32  SCV  
  38  4:44  SCV  
  39  4:45  Siege Tank  
  40  4:53  Command Center  
  40  4:56  SCV, Raven  
  43  5:01  Marine x2  
  45  5:08  Orbital Command  
  45  5:10  SCV  
  46  5:19  Bunker  
  46  5:22  SCV  
  46  5:24  Siege Tank  
  50  5:34  SCV  
  51  5:36  SCV  
  52  5:45  Barracks  
  52  5:46  SCV  
  52  5:48  SCV  
  54  5:50  Supply Depot  
  54  5:56  Supply Depot  
  54  6:05  SCV x2, Siege Tank, Marine x2  
  54  6:08  Orbital Command  
  61  6:14  Supply Depot  
  61  6:17  SCV x2  
  60  6:29  SCV x2  
  60  6:30  Marine x2  
  64  6:33  Engineering Bay x2  
  64  6:37  Marine  
  64  6:38  Stimpack  
  65  6:41  SCV x2  
  65  6:43  Starport Reactor  
  67  6:49  Barracks, Marine  
  67  6:50  Marine  
  67  6:52  SCV  
  67  6:53  SCV  
  71  6:55  Factory Reactor  
  71  6:58  SCV  
  71  7:01  Refinery  
  72  7:04  SCV, Terran Infantry Armor Level 1, Terran Infantry Weapons Level 1  
  72  7:05  SCV  
  72  7:08  Marine x2  
  74  7:10  SCV  
  74  7:15  Refinery  
  76  7:19  Barracks  
  76  7:20  Barracks  
  76  7:22  Marine  
  76  7:25  SCV x2  
  76  7:26  Marine  
  76  7:27  SCV  
  76  7:29  Missile Turret  
  79  7:37  SCV x2  
  79  7:39  SCV  
  79  7:40  Widow Mine x2  
  85  7:47  Combat Shield  
  85  7:49  SCV  
  85  7:51  Supply Depot, Medivac  
  86  7:52  Medivac  
  86  7:57  SCV x2  
  92  8:01  SCV  
  92  8:08  Barracks Reactor, Barracks Tech Lab  
  92  8:09  SCV x2  
  91  8:14  Supply Depot  
  91  8:15  Supply Depot, Marine x2  
  91  8:16  Marauder x2  
  91  8:18  Concussive Shells  
  97  8:24  Missile Turret  
  97  8:26  Widow Mine x2  
  101  8:30  Supply Depot  
  101  8:35  Armory  
  101  8:36  Marauder, Marine x2  
  101  8:37  Marauder x2  
  101  8:40  Medivac  
  111  8:41  SCV x2  
  113  8:49  Widow Mine x2  
  117  8:56  SCV, Orbital Command  
  117  8:57  SCV  
  119  9:04  Supply Depot x2  
  119  9:07  Marauder x2, Marine x2  
  125  9:19  Ghost Academy  
  125  9:24  SCV, Marine  
  125  9:25  SCV, Widow Mine, Marauder, Marine  
  125  9:26  SCV  
  125  9:29  Marauder  
  132  9:36  SCV  
  132  9:37  SCV  
  132  9:38  Viking  
  136  9:42  SCV  
  137  9:48  Supply Depot, SCV  
  137  9:50  Supply Depot  
  138  9:56  Viking  
  140  10:01  Terran Infantry Weapons Level 2  
  140  10:05  Missile Turret  
  140  10:06  Missile Turret  
  140  10:09  Viking  
  140  10:13  Supply Depot  
  140  10:14  Factory Tech Lab  
  142  10:15  Refinery  
  142  10:16  SCV, Refinery  
  142  10:17  SCV  
  142  10:21  SCV  
  145  10:22  Ghost  
  145  10:23  Ghost  
  145  10:26  Supply Depot  
  145  10:28  SCV  
  150  10:33  Siege Tank  
  153  10:37  SCV  
  153  10:41  Command Center  
  154  10:44  Liberator  
  154  10:47  Missile Turret  
  154  10:48  Liberator  
  160  10:55  Ghost  
  162  10:58  Marine  
  162  10:59  Marine x2  
  162  11:00  SCV, Missile Turret  
  162  11:01  SCV x2  
  168  11:08  Command Center, Ghost  
  169  11:12  Siege Tank  
  169  11:13  SCV x2  
  173  11:28  Supply Depot  
  173  11:31  Supply Depot  
  173  11:33  Missile Turret  
  173  11:40  Command Center  
  173  11:49  Ghost  
  173  11:50  Medivac x2  
  173  11:52  Siege Tank  
  182  12:00  Terran Infantry Armor Level 2  
  182  12:03  Terran Ship Weapons Level 1  
  182  12:08  Missile Turret, Sensor Tower  
  182  12:11  Missile Turret  
  182  12:13  Command Center  
  182  12:24  Siege Tank  
  175  12:45  Planetary Fortress  
  175  12:51  Liberator x2  
  169  12:54  Missile Turret  
  169  12:56  Siege Tank  
  169  12:58  SCV x3  
  175  13:03  Terran Infantry Weapons Level 3  
  175  13:10  SCV  
  175  13:11  Orbital Command  
  176  13:20  Ghost x2  
  176  13:21  Marine  
  176  13:22  Marauder  
  176  13:25  Command Center  
  183  13:30  Siege Tank  
  176  13:35  Missile Turret  
  176  13:37  SCV x2  
  176  13:38  Refinery, Orbital Command, SCV x2  
  176  13:39  Refinery  
  180  13:42  Liberator  
  183  13:48  Sensor Tower  
  183  13:50  SCV  
  183  13:51  SCV x4  
  188  13:58  Terran Vehicle Weapons Level 1  
  188  14:03  SCV  
  188  14:08  Sensor Tower  
  189  14:10  Siege Tank, Starport  
  189  14:12  Viking  
  189  14:15  Marine x2  
  194  14:25  Terran Infantry Armor Level 3  
  194  14:33  Missile Turret  
  194  14:34  Orbital Command  
  194  14:37  Viking  
  196  14:42  Viking  
  197  14:51  Missile Turret  
  197  14:52  Command Center, Starport Reactor  
  197  14:53  Orbital Command  
  197  14:55  Armory  
  189  15:04  Enhanced Shockwaves  
  189  15:07  Viking  
  191  15:11  Siege Tank  
  191  15:12  Viking, Command Center  
  196  15:15  Fusion Core  
  196  15:19  Missile Turret  
  196  15:23  Ghost x2  
  200  15:42  Command Center  
  200  16:00  Viking  
  200  16:02  Terran Ship Weapons Level 2  
  200  16:03  Terran Vehicle And Ship Armor Level 1  
  199  16:04  Advanced Ballistics  
  199  16:17  Command Center  
  198  16:24  Ghost  
  200  16:29  Personal Cloaking  
  200  16:36  Command Center  
  200  17:00  Command Center  
  200  17:01  Missile Turret  
  200  17:15  Command Center  
  200  17:23  Rapid Reignition System  
  191  17:46  Viking x2  
  191  17:50  Planetary Fortress  
  186  17:52  Missile Turret  
  186  17:53  Liberator x2  
  186  17:54  Nuke  
  192  18:10  Hi-Sec Auto Tracking, Neosteel Armor  
  191  18:16  Viking x2  
  191  18:18  Orbital Command  
  195  18:23  Terran Ship Weapons Level 3, Terran Vehicle And Ship Armor Level 2  
  195  18:25  Command Center  
  195  18:28  Ghost x3  
  199  18:40  Orbital Command  
  199  18:41  Starport  
  199  18:55  Nuke  
  187  19:23  Liberator x2  
  193  19:26  Starport Reactor  
  188  19:36  Widow Mine  
  186  19:40  Liberator x2  
  189  19:58  Widow Mine  
  180  20:06  Viking x2  
  181  20:07  Liberator  
  181  20:08  Liberator  
  181  20:09  Marauder, Marine x4  
  181  20:10  Marauder x2  
  197  20:23  Liberator  
  195  20:31  Marauder  
  195  20:35  Liberator  
  184  20:36  Liberator  
  184  20:39  Liberator  
  185  20:50  Liberator  
  185  20:52  Nuke  
  184  21:04  Marine x4  
  184  21:05  Marauder x3  
  194  21:17  Planetary Fortress  
  188  21:26  Marauder  
  188  21:29  Ghost x2  
  182  21:36  Widow Mine  
  184  21:47  Liberator x2  
  184  21:48  Sensor Tower  
  184  22:00  Planetary Fortress  
  164  22:11  Marauder, Marine x3  
  164  22:12  Marauder x2  
  172  22:16  Liberator  
  172  22:18  Widow Mine  
  174  22:42  Missile Turret  
  174  22:52  Liberator  
  176  22:59  Marine  
  176  23:00  Marauder x2, Marine  
  169  23:07  Missile Turret, Marine  
  169  23:08  Marauder, Marine  
  173  23:17  Marine x2  
  175  23:21  Marauder  
  175  23:22  Marauder  
  175  23:25  Marine  
  175  23:26  Marine  
  162  23:29  Marauder  
  161  23:35  Marine  
  154  23:43  Marauder x2, Marine  
  154  23:44  Marine  
  153  23:51  Marauder  
  153  23:53  Marine  
  156  24:01  Marine x2  
  140  24:04  Marauder, Marine  
  133  24:11  Marine  
  133  24:12  Marauder  
  130  24:18  Orbital Command  
  130  24:19  Marine, Orbital Command  
  130  24:20  Marine  
  130  24:22  Marine  
  128  24:26  Marauder  
  128  24:29  Marine  
  128  24:30  Orbital Command  
  131  24:34  Marauder  
  131  24:36  Marine  
  122  24:39  Marine  
  123  24:46  Marine  
  123  24:47  Marauder  
  126  24:54  Marine  
  126  24:55  Marauder  
  126  24:57  Marine  
Show
View Real Time Build Order
Export as new Build Order

herO Protoss - Winner!

Build Orders:  

Get SALT Encoding   

  12  0:00  Probe  
  13  0:12  Probe  
  14  0:17  Pylon  
  14  0:24  Probe  
  15  0:35  Gateway  
  15  0:36  Probe  
  16  0:43  Assimilator  
  16  0:48  Probe (Chrono Boost)  
  17  1:00  Probe (Chrono Boost)  
  18  1:05  Probe (Chrono Boost)  
  19  1:15  Probe  
  20  1:27  Probe  
  21  1:34  Cybernetics Core  
  21  1:48  Nexus  
  21  1:50  Pylon  
  21  1:55  Probe, Assimilator  
  22  2:08  Adept (Chrono Boost), Warp Gate (Chrono Boost), Probe  
  25  2:20  Probe  
  26  2:28  Adept (Chrono Boost)  
  26  2:32  Probe  
  29  2:44  Probe  
  29  2:51  Adept  
  31  2:58  Gateway  
  31  3:00  Gateway, Probe  
  31  3:01  Probe  
  33  3:12  Probe  
  34  3:13  Probe  
  35  3:25  Pylon  
  35  3:32  Probe x2  
  35  3:44  Probe x2  
  37  3:48  Twilight Council  
  37  3:53  Pylon  
  37  3:54  Stalker  
  37  3:55  Stalker x2  
  43  3:58  Probe x2  
  45  4:13  Probe  
  45  4:14  Probe  
  47  4:19  Stalker x3  
  53  4:30  Charge (Chrono Boost)  
  51  4:32  Nexus  
  52  4:45  Dark Shrine, Probe x2  
  51  4:57  Probe, Assimilator  
  51  4:58  Probe, Assimilator  
  53  5:05  Stalker x3  
  59  5:08  Pylon  
  59  5:10  Probe  
  59  5:11  Probe  
  61  5:17  Shield Battery  
  61  5:23  Probe  
  61  5:26  Probe  
  61  5:27  Shield Battery  
  63  5:30  Pylon  
  63  5:35  Probe  
  63  5:38  Probe  
  63  5:40  Sentry  
  63  5:41  Sentry  
  68  5:45  Gateway  
  68  5:47  Gateway  
  68  5:49  Gateway  
  68  5:53  Shield Battery  
  68  5:54  Shadow Stride (Chrono Boost)  
  68  5:58  Dark Templar  
  68  6:02  Probe x3 (Chrono Boost)  
  73  6:05  Shield Battery  
  73  6:09  Dark Templar  
  75  6:14  Probe x3 (Chrono Boost)  
  78  6:21  Gateway  
  78  6:22  Probe x3 (Chrono Boost)  
  78  6:25  Sentry  
  83  6:29  Probe x2  
  83  6:31  Probe  
  84  6:37  Blink (Chrono Boost)  
  84  6:42  Zealot  
  84  6:43  Zealot  
  88  6:47  Probe, Pylon  
  88  6:48  Pylon  
  88  6:53  Gateway  
  89  6:54  Robotics Facility  
  89  6:57  Pylon  
  89  7:01  Zealot x2  
  89  7:05  Dark Templar  
  95  7:10  Zealot  
  95  7:11  Zealot x2  
  95  7:13  Phoenix  
  95  7:15  Forge, Pylon  
  101  7:19  Zealot  
  101  7:21  Probe  
  101  7:22  Probe x2  
  106  7:33  Dark Templar  
  106  7:35  Dark Templar  
  106  7:36  Gateway  
  108  7:39  Warp Prism (Chrono Boost)  
  108  7:43  Protoss Ground Weapons Level 1 (Chrono Boost)  
  110  7:45  Zealot  
  110  7:46  Zealot  
  114  7:54  Probe, Assimilator  
  114  7:55  Nexus  
  113  8:05  Pylon  
  113  8:11  Dark Templar  
  113  8:13  Zealot x6  
  125  8:23  Robotics Bay  
  125  8:25  Probe, Pylon x2  
  125  8:26  Probe x2, Gateway  
  128  8:27  Shield Battery  
  128  8:33  Shield Battery  
  128  8:34  Photon Cannon  
  128  8:39  Immortal (Chrono Boost)  
  128  8:40  Photon Cannon  
  128  8:45  Probe x3  
  135  8:52  Zealot, Sentry  
  139  8:56  Pylon  
  139  8:57  Probe x3  
  142  9:06  Assimilator  
  142  9:10  Forge  
  142  9:11  Colossus (Chrono Boost)  
  142  9:13  Extended Thermal Lance (Chrono Boost)  
  148  9:17  Assimilator  
  146  9:25  Zealot x5  
  146  9:29  Probe x3  
  146  9:30  Protoss Ground Armor Level 1 (Chrono Boost)  
  145  9:32  Protoss Ground Weapons Level 2 (Chrono Boost)  
  145  9:38  Phoenix  
  141  9:39  Probe  
  142  9:50  Robotics Facility  
  142  9:52  Nexus  
  142  9:56  Pylon  
  142  9:57  Colossus (Chrono Boost)  
  148  10:07  Zealot x5  
  158  10:17  Gateway x2  
  158  10:22  Zealot x5  
  166  10:38  Gravitic Drive (Chrono Boost)  
  166  10:39  Colossus (Chrono Boost)  
  166  10:42  Photon Cannon  
  172  10:43  Photon Cannon  
  172  10:45  Shield Battery  
  172  10:46  Shield Battery, Colossus (Chrono Boost)  
  178  11:17  Zealot x10  
  162  11:25  Zealot, Colossus (Chrono Boost), Stalker x2  
  142  11:26  Zealot x7  
  142  11:30  Protoss Ground Armor Level 2 (Chrono Boost)  
  166  11:33  Probe x3  
  166  11:34  Probe  
  166  11:35  Probe, Assimilator  
  166  11:36  Disruptor (Chrono Boost)  
  166  11:37  Assimilator  
  174  11:49  Pylon  
  174  11:57  Gateway  
  174  11:58  Gateway x2  
  174  12:01  Gateway  
  174  12:04  Dark Templar x2  
  174  12:05  Dark Templar x5  
  174  12:06  Observer  
  189  12:11  Protoss Ground Weapons Level 3 (Chrono Boost)  
  189  12:12  Observer  
  190  12:18  Nexus  
  190  12:19  Photon Cannon  
  188  12:23  Zealot x5  
  174  12:50  Stalker x12  
  176  13:19  Zealot x12  
  199  13:24  Pylon  
  199  13:26  Pylon  
  193  13:29  Observer  
  193  13:30  Disruptor (Chrono Boost)  
  193  13:31  Disruptor (Chrono Boost)  
  191  13:45  Zealot x4  
  199  13:54  Gravitic Boosters (Chrono Boost)  
  194  14:03  Protoss Ground Armor Level 3 (Chrono Boost)  
  194  14:08  Observer x2  
  196  14:15  Photon Cannon  
  178  14:25  Zealot x11  
  200  14:33  Pylon  
  200  14:43  Protoss Shields Level 1 (Chrono Boost)  
  200  14:48  Pylon  
  200  14:55  Photon Cannon  
  198  15:18  Robotics Facility  
  198  15:19  Gateway  
  198  15:22  Pylon  
  198  15:25  Nexus  
  198  15:26  Photon Cannon  
  198  15:27  Photon Cannon  
  198  15:29  Photon Cannon  
  198  15:30  Pylon  
  198  15:31  Photon Cannon  
  198  15:32  Pylon  
  198  15:33  Photon Cannon  
  198  15:36  Shield Battery  
  198  15:39  Shield Battery  
  196  15:43  Photon Cannon  
  196  15:46  Shield Battery  
  196  15:47  Disruptor (Chrono Boost)  
  196  15:48  Observer (Chrono Boost)  
  172  16:06  Disruptor (Chrono Boost)  
  172  16:07  Stalker x9  
  172  16:08  Stalker x3  
  199  16:14  Observer  
  199  16:21  Observer  
  199  16:22  Assimilator  
  199  16:24  Assimilator  
  199  16:39  Pylon  
  199  16:43  Pylon  
  199  16:45  Photon Cannon  
  199  16:52  Photon Cannon, Pylon  
  199  16:53  Photon Cannon  
  199  16:55  Shield Battery  
  199  16:58  Photon Cannon  
  198  17:02  Photon Cannon  
  198  17:05  Shield Battery  
  198  17:06  Protoss Shields Level 2 (Chrono Boost)  
  198  17:16  Dark Templar  
  198  17:19  Gateway  
  198  17:21  Shield Battery  
  200  17:27  Photon Cannon  
  200  17:34  Pylon  
  198  17:37  Gateway  
  198  17:40  Gateway  
  198  17:43  Pylon  
  197  17:45  Pylon  
  197  17:50  Stalker x3  
  193  18:13  Disruptor x2 (Chrono Boost)  
  193  18:18  Disruptor (Chrono Boost)  
  195  18:26  Photon Cannon  
  196  18:30  Dark Templar x2  
  196  18:41  Disruptor  
  196  18:44  Shield Battery  
  196  18:46  Photon Cannon  
  195  19:03  Zealot x3  
  160  19:19  Stalker  
  160  19:20  Zealot x5, Stalker x8  
  160  19:21  Zealot x2  
  182  19:34  Disruptor x2 (Chrono Boost), Protoss Shields Level 3 (Chrono Boost)  
  182  19:35  Disruptor (Chrono Boost)  
  191  19:42  Zealot x4  
  184  20:06  Disruptor (Chrono Boost)  
  184  20:07  Disruptor (Chrono Boost)  
  193  20:22  Observer (Chrono Boost)  
  193  20:24  Nexus  
  131  20:37  Stalker x8  
  131  20:38  Zealot x5, Stalker x2  
  131  20:39  Colossus x2 (Chrono Boost)  
  131  20:40  Disruptor (Chrono Boost)  
  171  20:44  Zealot x5  
  184  20:52  Pylon  
  181  21:05  Zealot x9  
  189  21:26  Disruptor x2  
  187  21:34  Zealot x9  
  187  21:36  Nexus  
  198  21:43  Pylon  
  198  21:53  Stalker x7  
  200  21:58  Pylon  
  182  22:11  Dark Templar  
  182  22:12  Dark Templar x7  
  182  22:13  Dark Templar x2  
  200  22:26  Shield Battery  
  200  22:28  Shield Battery  
  198  22:31  Photon Cannon  
  198  22:32  Photon Cannon  
  198  22:34  Photon Cannon  
  198  22:36  Photon Cannon  
  186  22:43  Observer  
  186  22:46  Stalker x3  
  186  22:47  Stalker x4  
  183  23:10  Zealot x8  
  178  23:29  Zealot x9  
  192  23:35  Stalker x4  
  168  24:14  Colossus x2 (Chrono Boost)  
  168  24:15  Colossus (Chrono Boost)  
  160  24:21  Dark Templar x13  
Tags
 
Add a new tag
Caveats
  • Supply blocks, unpowered buildings, or Contaminate may cause inaccurate times.
  • Supply counts are checked every 10 seconds.